 Dungeon Crawl Stone Soup version 0.28.0 (webtiles) character file.

Game seed: 5328007784469938072

889 hikkokomori the Digger (level 8, -2/46 HPs)
             Began as a Gargoyle Earth Elementalist on Feb 15, 2022.
             Slain by an ogre (12 damage)
             ... on level 5 of the Dungeon.
             The game lasted 00:16:23 (5087 turns).

hikkokomori the Digger (GrEE)                       Turns: 5087, Time: 00:16:25

Health: -2/46      AC: 10    Str: 15    XL:     8   Next: 6%
Magic:  3/11       EV: 11    Int: 15    God:
Gold:   150        SH:  0    Dex: 10    Spells: 5/11 levels left

rFire   . . .      SeeInvis .   G - +2 spear (flame)
rCold   + . .      Faith    .   (no shield)
rNeg    + . .      Spirit   .   g - +0 leather armour
rPois   ∞          Reflect  .   v - +0 helmet
rElec   +          Harm     .   k - scarf {repulsion}
rCorr   .          Rampage  .   (no gloves)
Will    .....                   w - +0 pair of boots
Stlth   ++........              e - amulet of magic regeneration
HPRegen 0.15/turn               a - ring of wizardry
MPRegen 0.52/turn               B - ring of protection from cold

@: repel missiles
A: sickness immunity, AC +5, negative energy resistance 1, electricity
resistance, torment resistance 1, petrification resistance
a: no special abilities


You were on level 5 of the Dungeon.
You visited 1 branch of the dungeon, and saw 5 of its levels.
You also visited: Sewer.

You collected 238 gold pieces.
You spent 88 gold pieces at shops.

Inventory:

Hand Weapons
 d - a +0 dagger
 h - a +0 mace
 G - a +2 spear of flaming (weapon)
 H - a +1 vampiric spear
Missiles
 n - 39 bolts
 A - 53 stones
 C - 2 throwing nets
Armour
 b - a +0 robe
 g - a +0 leather armour (worn)
 k - a scarf of repulsion (worn)
 l - a +0 helmet
 v - a +0 helmet (worn)
 w - a +0 pair of boots (worn)
Jewellery
 a - a ring of wizardry (left hand)
 e - an amulet of magic regeneration (around neck)
 o - an amulet of faith
 B - a ring of protection from cold (right hand)
 E - an amulet of the acrobat
Wands
 u - a wand of flame (24)
 y - a wand of mindburst (7)
Scrolls
 f - a scroll of noise {unknown}
 m - a scroll of enchant armour
 q - 3 scrolls of teleportation
 x - a scroll of fog {unknown}
 D - 2 scrolls of holy word {unknown}
 F - a scroll of torment {unknown}
Potions
 c - a potion of attraction {unknown}
 i - 4 potions of brilliance
 j - 2 potions of invisibility {unknown}
 p - a potion of cancellation
 r - a potion of might {unknown}
 s - a potion of curing {unknown}
 t - 2 potions of heal wounds
 z - 2 potions of lignification


   Skills:
 + Level 3.1 Fighting
 + Level 1.7 Maces & Flails
 - Level 1.5 Dodging
 - Level 2.1 Stealth
 - Level 2.3 Spellcasting
 + Level 5.5 Conjurations
 - Level 0.7 Transmutations
 + Level 7.9 Earth Magic


You had 5 spell levels left.
You knew the following spells:

 Your Spells              Type           Power      Damage    Failure   Level
a - Sandblast             Erth           50%        2d12      1%          1
b - Stone Arrow           Conj/Erth      44%        3d9       1%          3
c - Passwall              Tmut/Erth      11%        N/A       2%          2

Your spell library contained the following spells:

 Spells                   Type           Power      Damage    Failure   Level
 Petrify                  Tmut/Erth      14%        N/A       17%         4


Dungeon Overview and Level Annotations

Branches:
Dungeon (5/15)              Sewer (visited)
 Temple: D:4-7

Altars:
Ru
Trog
Vehumet

Shops:
D:4 *


Innate Abilities, Weirdness & Mutations

You are immune to sickness and miasma.
Your stone body is resilient. (AC +5)
You are immune to poison.
You resist negative energy. (rN+)
You are resistant to electric shocks. (rElec)
You are resistant to unholy torment.
You are immune to petrification.


Message History

The ufetubus hits you but does no damage. x2
You miss the ufetubus.
The ufetubus hits you but does no damage.
The ufetubus completely misses you.
Casting: Stone Arrow (safe; 1% risk of failure)
Confirm with . or Enter, or press ? or * to list all spells.
Aiming: Stone Arrow (safe; 1% risk of failure)
Press: ? - help, Shift-Dir - straight line, f - ogre, p - ufetubus
Aim: an ogre, wielding a +0 giant spiked club (86% to hit)
The stone arrow misses the ogre.
The ufetubus barely misses you.
The ufetubus hits you but does no damage.
The ogre hits you with a +0 giant spiked club!!
Ouch! That really hurt!
The ufetubus barely misses you. x2
Casting: Stone Arrow (safe; 1% risk of failure)
Confirm with . or Enter, or press ? or * to list all spells.
Aiming: Stone Arrow (safe; 1% risk of failure)
Press: ? - help, Shift-Dir - straight line, f/p - ogre
Aim: an ogre, wielding a +0 giant spiked club (86% to hit)
The stone arrow hits the ogre!
The ogre is heavily wounded.
The ufetubus hits you but does no damage.
The ufetubus hits you.
* * * LOW HITPOINT WARNING * * *
The ogre closely misses you.
Casting: Stone Arrow (safe; 1% risk of failure)
Confirm with . or Enter, or press ? or * to list all spells.
Aiming: Stone Arrow (safe; 1% risk of failure)
Press: ? - help, Shift-Dir - straight line, f/p - ogre
Aim: an ogre, wielding a +0 giant spiked club (heavily wounded, 86% to hit)
The stone arrow hits the ogre!
The ogre is almost dead.
The ufetubus hits you.
* * * LOW HITPOINT WARNING * * *
The ufetubus hits you.
* * * LOW HITPOINT WARNING * * *
The ufetubus misses you.
The ufetubus hits you but does no damage.
The ogre hits you with a +0 giant spiked club!
You die...

.w# .. ...#
...#.....#.....#
#..#..#..#..#..#
#..#..#..#..#O.#
#...?.#.....#..#
#.....#.....#..#
###################..#
.........)......@5...#
.)..........)....O...#
###################..#
.....#....Z#...r.#.)#
......#.....#.....#..#
+###..#..#..#..#..#..#
#..#..#..#..#..#..#
#.....#.....#.....#
#l... #.... #.....#


You could see an ogre, an ufetubus and a quokka.

Vanquished Creatures
  A water moccasin (Sewer)
  A black bear (D:4)
  2 ogres
  3 scorpions
  A jelly (D:4)
  An iguana (D:4)
  A hound skeleton (D:4)
  Robin (D:1)
  9 gnolls
  A river rat (D:4)
  9 adders
  An adder skeleton (D:4)
  A worm (D:2)
  3 dart slugs
  2 orcs (D:4)
  7 endoplasms
  A giant cockroach (D:4)
  15 goblins
  8 hobgoblins
  7 jackals
  2 kobolds
  3 quokkas
  12 ball pythons
  4 bats
  7 rats
103 creatures vanquished.

Notes
Turn   | Place    | Note
-------+----------+-------------------------------------------
     0 | D:1      | hikkokomori the Gargoyle Earth Elementalist began the quest
                  | for the Orb.
     0 | D:1      | Reached XP level 1. HP: 10/10 MP: 3/3
   260 | D:1      | Found a faded altar of an unknown god.
   473 | D:1      | Reached skill level 1 in Fighting
   473 | D:1      | Reached XP level 2. HP: 16/16 MP: 5/5
   476 | D:1      | Reached skill level 4 in Earth Magic
   842 | D:2      | Noticed Robin
  1167 | D:2      | Reached XP level 3. HP: 21/21 MP: 3/6
  1192 | D:1      | Killed Robin
  1490 | D:2      | Learned a level 3 spell: Stone Arrow
  1569 | D:2      | Reached XP level 4. HP: 26/26 MP: 5/7
  1751 | D:2      | Reached skill level 1 in Conjurations
  1838 | D:2      | You fall into a shaft and drop 2 floors!
  1869 | D:4      | Reached skill level 5 in Earth Magic
  2118 | D:4      | Reached XP level 5. HP: 27/30 MP: 6/8
  2240 | D:4      | Found a glowing drain.
  2250 | Sewer    | Entered a sewer
  2379 | Sewer    | Noticed a water moccasin
  2383 | Sewer    | Killed a water moccasin
  2384 | Sewer    | Reached skill level 6 in Earth Magic
  2384 | Sewer    | Reached XP level 6. HP: 35/35 MP: 0/9
  2746 | D:4      | Found a bloodstained altar of Trog.
  3081 | D:4      | Noticed a black bear
  3087 | D:4      | Killed a black bear
  3132 | D:4      | Found Wazeguamu's General Store.
  3135 | D:4      | Bought a potion of lignification for 33 gold pieces
  3135 | D:4      | Bought 20 stones for 22 gold pieces
  3135 | D:4      | Bought a scroll of teleportation for 33 gold pieces
  3225 | D:4      | Reached skill level 7 in Earth Magic
  3225 | D:4      | Reached XP level 7. HP: 40/40 MP: 4/10
  3288 | D:4      | Reached skill level 5 in Conjurations
  3693 | D:4      | Learned a level 2 spell: Passwall
  3857 | D:3      | Found a sacrificial altar of Ru.
  3969 | D:3      | Found a radiant altar of Vehumet.
  4636 | D:5      | Entered Level 5 of the Dungeon
  4688 | D:5      | Reached skill level 1 in Maces & Flails
  5060 | D:5      | Reached XP level 8. HP: 46/46 MP: 2/11
  5087 | D:5      | Slain by an ogre

Illustrated notes

Levels and vault maps discovered:
D:1:      mrwooster_arrival_arrow, layout_loops_ring,
          shapermc_ecumenical_altar_venn, kennysheep_doodads, nrook_mini_vaults
D:2:      layout_loops_ring, uniq_robin
D:3:      layout_basic, general_overflow_altar, nicolae_overflow_hidden_temple
D:4:      layout_basic, old_standard_altar, lightli_sewer_entry_pipes,
          serial_shops, kennysheep_mini_moat, minmay_joined_circles
D:5:      kennysheep_windowed_halls, layout_loops_corners, minitemple,
          uniq_eustachio

Skill      XL: |  1  2  3  4  5  6  7 |
---------------+----------------------+-----
Fighting       | 1 2 3 |  3.1
Earth Magic    | 4 5 6 7 |  7.9
Conjurations   | 1 3 4 5 |  5.5
Maces & Flails | 1 |  1.7
Dodging        | |  1.5
Stealth        | |  2.1
Spellcasting   | |  2.3
Transmutations | |  0.7

Action                   |  1- 3 |  4- 6 |  7- 9 || total
-------------------------+-------+-------+-------++-------
Melee: Mace              |    41 |    56 |    82 ||   179
       Punch             |     2 |       |       ||     2
       Spear             |       |       |     9 ||     9
 Cast: Sandblast         |    31 |    30 |    12 ||    73
       Stone Arrow       |     2 |    18 |    18 ||    38
  Use: Scroll            |       |     2 |     3 ||     5
 Stab: Sleeping          |     1 |     2 |       ||     3
Armor: Leather armour    |    38 |    32 |    70 ||   140
Dodge: Dodged            |    51 |    37 |    67 ||   155
       Repelled          |       |     1 |       ||     1
